 Dungeon Crawl Stone Soup version 0.23.0-3-gf3c87f2df8 (webtiles) character file.

Game seed: 222776328192003223

217 Kass the Conjurer (level 5, -2/31 HPs)
             Began as an Octopode Wizard on Feb 22, 2019.
             Slain by Sigmund
             ... wielding a +0 scythe
              (13 damage)
             ... on level 3 of the Dungeon.
             The game lasted 00:13:51 (3933 turns).

Kass the Conjurer (Octopode Wizard)                 Turns: 3933, Time: 00:13:52

Health: -2/31      AC:  1    Str: 11    XL:     5   Next: 94%
Magic:  9/9        EV: 12    Int: 21    God:
Gold:   92         SH:  5    Dex: 11    Spells: 1/10 levels left

rFire    . . .     SeeInvis .   r - +2 dagger (vamp)
rCold    . . .     Gourm    +   d - +2 buckler
rNeg     . . .     Faith    .   a - +0 hat
rPois    .         Spirit   .   s - amulet of the gourmand
rElec    .         Reflect  .   (no ring)
rCorr    .         Harm     .   (no ring)
MR       .....                  (no ring)
Stlth    +++.......             (no ring)
HPRegen  0.10/turn              (no ring)
MPRegen  0.11/turn              (no ring)
                                (no ring)
                                (no ring)

@: mighty
A: almost no armour, stealthy swim, amphibious, 8 rings, constrict 8, camouflage
1, gelatinous body 1
a: no special abilities


You were on level 3 of the Dungeon.
You were not hungry.

You visited 1 branch of the dungeon, and saw 3 of its levels.

You collected 92 gold pieces.

Inventory:

Hand Weapons
 g - a +0 dagger
 r - a +2 vampiric dagger (weapon)
Armour
 a - a +0 hat (worn)
 d - a +2 buckler (worn)
Jewellery
 s - an amulet of the gourmand (around mantle)
Scrolls
 e - 2 scrolls of fear
 h - 2 scrolls of identify
 j - a scroll of remove curse {unknown}
 n - 2 scrolls of teleportation {unknown}
Potions
 b - 2 potions of might
 f - 2 potions of flight {unknown}
 i - a potion of resistance {unknown}
 k - a potion of ambrosia {unknown}
 l - 2 potions of haste
 m - 2 potions of heal wounds
 o - 2 potions of lignification {unknown}
 p - a potion of mutation {unknown}
 q - 2 potions of curing {unknown}
Comestibles
 c - a ration


   Skills:
 - Level 2.0 Dodging
 - Level 2.6 Stealth
 - Level 3.0 Spellcasting
 + Level 5.6 Conjurations
 - Level 1.0 Summonings
   Level 1.0 Translocations


You had one spell level left.
You knew the following spells:

 Your Spells              Type           Power        Failure   Level  Hunger
a - Magic Dart            Conj           ####         2%          1    None
b - Call Imp              Summ           #.......     22%         2    ##.....
c - Conjure Flame         Conj/Fire      ###.....     21%         3    ###....
d - Mephitic Cloud        Conj/Pois/Air  ##......     30%         3    ###....

Your spell library contained the following spells:

 Spells                   Type           Power        Failure   Level  Hunger
 Blink                    Tloc           N/A          22%         2    ##.....
 Slow                     Hex            #.......     32%         2    ##.....


Dungeon Overview and Level Annotations

Branches:
Dungeon (3/15)

Altars:
Gozag
Makhleb
Qazlal

Annotations:
D:3 Sigmund


Innate Abilities, Weirdness & Mutations

You cannot wear most types of armour.
You are very stealthy in the water. (Stealth+)
You are amphibious.
You can wear up to eight rings at the same time.
You can use your tentacles to constrict eight enemies at once.
Your skin changes colour to match your surroundings (Stealth+).
Your rubbery body absorbs attacks. (AC +1, EV +1)


Message History

Sigmund casts a spell.
Sigmund flickers and vanishes!
Deactivating autopickup; reactivate with Ctrl-A.
Something hits you. Something hits you!
* * * LOW HITPOINT WARNING * * *
Something hits you!
* * * LOW HITPOINT WARNING * * *
It was a potion of might.
You feel very mighty all of a sudden. Something hits you but does no damage.
It was a potion of heal wounds.
You feel much better.
You feel less confused. Something hits you! Something hits your crimson imp.
Something misses your crimson imp.
Something barely misses your crimson imp.
There is a stone staircase leading up, spattered with blood here.
Something hits you!
You die...

.......# ##.#.#########...#...#
.......#####..#....#####..###.###
.............#####.....S.####.#
................######(..###..#
.......########....##..#.#...##
.......# ###.S..S.#.#.###
.......# ####.{####.....######
.......# ##...5######..#...(...
######## #....@....[...####....
######.)..###># ####. ##.####
#.######## #..# #(........
####.## ##########
#....################
#.........รท..........
#....################ #...##


You could see an adder and a friendly crimson imp.

Vanquished Creatures
  Natasha (twice) (D:2)
  3 adders
  A worm (D:2)
  A leopard gecko (D:3)
  7 orcs
  2 bats
  A giant cockroach (D:2)
  5 goblins
  4 hobgoblins
  6 jackals (D:3)
  A ball python (D:3)
  2 frilled lizards
  4 kobolds
  4 rats
43 creatures vanquished.

Vanquished Creatures (collateral kills)
  An ogre (D:2)
  Ijyb (D:3)
  Natasha (D:2)
  An ooze (D:1)
  An orc (D:2)
  A giant cockroach (D:3)
  2 hobgoblins
8 creatures vanquished.

Grand Total: 51 creatures vanquished

Notes
Turn   | Place    | Note
-------+----------+-------------------------------------------
     0 | D:1      | Kass the Octopode Wizard began the quest for the Orb.
     0 | D:1      | Reached XP level 1. HP: 11/11 MP: 4/4
   181 | D:1      | Reached skill level 2 in Conjurations
   181 | D:1      | Reached XP level 2. HP: 17/17 MP: 0/6
   251 | D:1      | Learned a level 2 spell: Call Imp
   755 | D:2      | Found a burning altar of Makhleb.
   755 | D:2      | Noticed Natasha
   760 | D:2      | Noticed a crimson imp
   768 | D:2      | Killed Natasha
   768 | D:2      | Reached skill level 3 in Conjurations
   768 | D:2      | Reached XP level 3. HP: 21/21 MP: 5/7
   777 | D:2      | Learned a level 3 spell: Conjure Flame
   919 | D:2      | Reached XP level 4. HP: 27/27 MP: 2/8
   974 | D:2      | Learned a level 3 spell: Mephitic Cloud
  1008 | D:2      | Noticed Natasha
  1180 | D:2      | Killed Natasha
  1180 | D:2      | Reached skill level 4 in Conjurations
  1270 | D:2      | Found a stormy altar of Qazlal.
  1387 | D:2      | Noticed Natasha
  1398 | D:2      | Killed Natasha
  1464 | D:2      | Found an opulent altar of Gozag.
  1982 | D:3      | Noticed an ogre
  2103 | D:3      | Reached XP level 5. HP: 30/31 MP: 5/9
  2168 | D:3      | Noticed Ijyb
  3414 | D:2      | Killed an ogre
  3414 | D:2      | Reached skill level 5 in Conjurations
  3726 | D:3      | Killed Ijyb
  3905 | D:3      | Noticed Sigmund
  3933 | D:3      | Slain by Sigmund

Skill      XL: |  1  2  3  4  5 |
---------------+----------------+-----
Conjurations   | 2 3 4 5 |  5.6
Dodging        | |  2.0
Stealth        | |  2.6
Spellcasting   | |  3.0
Summonings     | |  1.0
Translocations | |  1.0

Action                   |  1- 3 |  4- 6 || total
-------------------------+-------+-------++-------
Melee: Dagger            |     6 |    31 ||    37
       Unarmed           |     3 |       ||     3
       Constrict         |     1 |     7 ||     8
       Tentacles         |       |     5 ||     5
 Cast: Magic Dart        |    32 |    57 ||    89
       Call Imp          |     3 |    24 ||    27
       Conjure Flame     |       |     1 ||     1
  Use: Scroll            |       |     2 ||     2
       Potion            |       |     2 ||     2
 Stab: Sleeping          |     2 |     1 ||     3
  Eat: Chunk             |       |    14 ||    14
       Ration            |       |     2 ||     2
Armor: Skin              |     3 |     3 ||     6
Dodge: Dodged            |     5 |    29 ||    34
Block: Buckler           |     1 |    16 ||    17
